 Dungeon Crawl Stone Soup version 0.30-a0-305-g026cb31310 (webtiles) character file.

Game seed: 3878204013299344698

16 blackman the Sneak (level 2, -1/24 HPs)
             Began as a Human Delver on Oct 22, 2022.
             Slain by a gnoll
             ... wielding a +0 spear
             ... led by a gnoll bouda
              (7 damage)
             ... on level 5 of the Dungeon.
             The game lasted 00:01:32 (248 turns).

blackman the Sneak (Human Delver)                    Turns: 248, Time: 00:01:33

Health: -1/24      AC:  3    Str: 12    XL:     2   Next: 75%
Magic:  2/2        EV: 12    Int: 10    God:
Gold:   0          SH:  0    Dex: 14    Spells: 1/1 levels left

rFire   . . .      SeeInvis .    a - +0 falchion
rCold   . . .      Faith    .    (no shield)
rNeg    . . .      Spirit   .    b - +0 leather armour
rPois   .          Reflect  .    (no helmet)
rElec   .          Harm     .    (no cloak)
rCorr   .          Rampage  .    (no gloves)
Will    .....                    (no boots)
Stlth   +++.......               (no amulet)
HPRegen 0.24/turn                (no ring)
MPRegen 0.08/turn                (no ring)

@: hasted, very quick
A: no striking features
a: no special abilities


You were on level 5 of the Dungeon.
You visited 1 branch of the dungeon, and saw 1 of its levels.

Inventory:

Hand Weapons
 a - a +0 falchion (weapon)
Armour
 b - a +0 leather armour (worn)
Scrolls
 c - a scroll of fog
 i - a scroll of enchant armour
 j - 2 scrolls of identify
Potions
 d - a potion of curing {unknown}
 h - 2 potions of mutation {unknown}


   Skills:
 - Level 3.0 Fighting
 + Level 3.1 Long Blades
 - Level 2.0 Dodging
 - Level 5.0 Stealth


You had one spell level left.
You didn't know any spells.
Your spell library was empty.

Dungeon Overview and Level Annotations

Branches:
Dungeon (5/15)             Temple (0/1) D:5

Altars:
Kikubaaqudgha


Message History

Found 10 gold pieces.
The gnoll shouts! x2
Aiming: Dig
Press: ? - help, Shift-Dir - straight line A rock wall.
The rock shatters into small pieces.
A gnoll comes into view. It is wielding a +0 club.
Aiming: Dig
Press: ? - help, Shift-Dir - straight line You can't see that place.
The rock shatters into small pieces.
A gnoll bouda and 2 gnolls come into view.
The gnoll shouts!
The gnoll bouda shouts!
A gnoll comes into view. It is wielding a +0 flail.
The gnoll bouda moves out of view.
The gnoll moves out of view.
Found a staircase to the Ecumenical Temple.
A gnoll comes into view. It is wielding a +0 club.
You feel yourself speed up.
The gnoll shouts!
You hear a shout!
The gnoll bouda hits you with a +0 club.
Unknown command.
Aiming: Dig
Press: ? - help, Shift-Dir - straight line A rock wall.
The rock shatters into small pieces.
The now-empty wand crumbles to dust.
The gnoll hits you from afar with a +0 spear.
The gnoll closely misses you. x2
You barely miss the gnoll. The gnoll barely misses you.
The gnoll hits you with a +0 flail! The gnoll barely misses you.
The gnoll bouda barks out a call to the hunt!
The gnolls pick up the pace!
The gnoll hits you from afar with a +0 spear.
* * * LOW HITPOINT WARNING * * *
You hit the gnoll but do no damage.
As you read the scroll labelled REGOMOIHOF, it crumbles to dust.
It is a scroll of identify.
i - a scroll of enchant armour The gnoll misses you.
The gnoll barely misses you.
The gnoll hits you from afar with a +0 spear!
You die...

**** *****#.# #.#.#
#.#.# #.#.# #.#.# ##
#.#.# .## #.#.#
..###########.#g##
#......g.g..#.gg@#
####g#######g.#g#g#**
**#..# ###.g.#.8*
*gg$## ##....>#
..##**********#..#.8.#
...,,,,,,,,,,,.....##.#
...,,,********###.##
#.# .##**,** *.# ## ##
*,,** *,*


You could see a gnoll bouda and 6 gnolls.

Vanquished Creatures
  An adder (D:5)
  A white imp (D:5)
2 creatures vanquished.

Notes
Turn   | Place    | Note
-------+----------+-------------------------------------------
     0 | D:5      | blackman the Human Delver began the quest for the Orb.
     0 | D:5      | Reached XP level 1. HP: 18/18 MP: 1/1
    19 | D:5      | Noticed a scorpion
    19 | D:5      | Noticed an iguana
    36 | D:5      | Found an ancient bone altar of Kikubaaqudgha.
    56 | D:5      | Noticed an iguana
    71 | D:5      | Noticed a phantom
    89 | D:5      | Reached XP level 2. HP: 16/24 MP: 2/2
   239 | D:5      | Found a staircase to the Ecumenical Temple.
   248 | D:5      | Slain by a gnoll

Illustrated notes

Levels and vault maps discovered:
D:5:      minmay_octagon_keep, layout_rooms, tgw_kikubaaqudgha,
          kennysheep_orc_sif_temple, temple_statues

Skill      XL: |  1  2 |
---------------+-------+-----
Long Blades    | 3 |  3.1
Fighting       | |  3.0
Dodging        | |  2.0
Stealth        | |  5.0

Action                   || total
-------------------------++-------
Melee: Falchion          ||    24
Evoke: Wand              ||     3
  Use: Scroll            ||     3
       Potion            ||     1
 Stab: Sleeping          ||     1
Armor: Leather armour    ||     3
Dodge: Dodged            ||    23

Table legend: (Time is in decaauts)
 A = Elapsed time spent in this place.
 B = Non-inter-level travel time spent in this place.
 C = Inter-level travel time spent in this place.
 D = Time resting spent in this place.
 E = Time spent auto-exploring this place.
 F = Levels seen in this place.
 G = Mean time per level.
                   A        B        C        D        E       F      G
               +--------+--------+--------+--------+--------+-----+--------+
         Total |    249 |    231 |     18 |     75 |     15 |   1 |  249.0 |
       Dungeon |    249 |    231 |     18 |     75 |     15 |   1 |  249.0 |
               +--------+--------+--------+--------+--------+-----+--------+

Top non-repeatable levels by time:
     D:5: 249 daAuts
